 Dungeon Crawl Stone Soup version 0.29.1-15-g9cfb28693d (webtiles) character file.

Game seed: 12217801722017207033

63 Jase the Caller (level 4, 0/30 HPs)
             Began as a Merfolk Summoner on Apr 23, 2023.
             Was an Initiate of Ashenzari.
             Slain by an orc wizard
             ... wielding a +0 dagger
              (2 damage)
             ... on level 3 of the Dungeon.
             The game lasted 00:09:03 (2783 turns).

Jase the Caller (Merfolk Summoner)                  Turns: 2783, Time: 00:09:04

Health: 0/30       AC:  4    Str:  6 (8)  XL:     4   Next: 9%
Magic:  7/7        EV: 12    Int: 14 (16) God:    Ashenzari [......]
Gold:   44         SH:  0    Dex: 11 (14) Spells: 1/7 levels left

rFire   . . .      SeeInvis .   a - +0 spear
rCold   . . .      Faith    .   (no shield)
rNeg    . . .      Spirit   .   c - +0 robe
rPois   .          Reflect  .   g - +0 helmet
rElec   .          Harm     .   (no cloak)
rCorr   .          Rampage  .   (no gloves)
Will    .....                   i - +0 pair of boots
Stlth   +.........              (no amulet)
HPRegen 0.10/turn               (no ring)
MPRegen 0.10/turn               (no ring)

@: confused
A: (nimble swimmer 2), mertail
a: Renounce Religion


You were on level 3 of the Dungeon.
You worshipped Ashenzari.
Ashenzari was noncommittal.
You visited 1 branch of the dungeon, and saw 3 of its levels.

You collected 44 gold pieces.

Inventory:

Hand Weapons
 a - a +0 spear (weapon)
Missiles
 r - 2 poisoned darts
Armour
 c - a +0 robe (worn)
 g - a +0 helmet (worn)
 i - a +0 pair of boots (worn)
Scrolls
 f - 4 scrolls of identify {unknown}
 h - a scroll of poison {unknown}
 k - a scroll of fear {unknown}
 l - a scroll of amnesia {unknown}
 m - a scroll of teleportation {unknown}
 n - a scroll of magic mapping {unknown}
 o - a scroll of enchant weapon {unknown}
 q - a scroll of blinking {unknown}
Potions
 b - a potion of magic
 d - a potion of berserk rage {unknown}
 e - 2 potions of degeneration
 j - 2 potions of cancellation {unknown}
 p - a potion of curing {unknown}


   Skills:
 + Level 1.2 Polearms
 + Level 3.3 Dodging
 + Level 2.9 Stealth
 + Level 2.4 Spellcasting
 * Level 4.6 Summonings


You had one spell level left.
You knew the following spells:

 Your Spells              Type           Power      Damage    Failure   Level
a - Summon Small Mammal   Summ           56%        N/A       3%          1
b - Call Imp              Summ           14%        N/A       5%          2
c - Call Canine Familiar  Summ           14%        N/A       11%         3

Your spell library contained the following spells:

 Spells                   Type           Power      Damage    Failure   Level
 Summon Guardian Golem    Hex/Summ       8%         N/A       26%         3
 Summon Lightning Spire   Summ/Air       8%         N/A       65%         4


Dungeon Overview and Level Annotations

Branches:
Dungeon (3/15)

Altars:
Ashenzari
Okawaru
Uskayaw


Innate Abilities, Weirdness & Mutations

((You are very nimble when in or above water. (Stealth+, EV+, Speed+++)))
Your lower body shifts to a powerful aquatic tail in water.


Message History

The orc wizard closely misses you.
Your quokka bites the orc wizard.
You closely miss the orc wizard.
The orc wizard is heavily wounded.
The orc wizard casts a spell.
The orc wizard flickers and vanishes!
Deactivating autopickup; reactivate with Ctrl-A.
Something hits you.
You hit something but do no damage. Something hits you.
You closely miss something. Something hits you.
You closely miss something. Something hits you.
You miss something. Something hits you but does no damage.
You closely miss something. Something hits you but does no damage.
You miss something. Something hits you but does no damage.
You hit something. Something hits you but does no damage.
You closely miss something. Something hits you.
You miss something. Something hits you.
You barely miss something. Something hits you.
You miss something.
You hear some strange, mumbled words.
A magic dart appears from out of thin air!
The magic dart hits you.
* * * LOW HITPOINT WARNING * * *
You hit something but do no damage.
You hear some strange, mumbled words.
You are confused.
Are you sure you want to stumble around while confused and next to your quokka? [Y]es or [N]o only, please.
Are you sure you want to stumble around while confused and next to your quokka?
Okay, then.
Unknown command.
Unknown command.
You hear some strange, mumbled words.
A magic dart appears from out of thin air!
The magic dart hits you.
* * * LOW HITPOINT WARNING * * *
It was a potion of degeneration.
There was something very wrong with that liquid.
You feel weakened.
You feel dopey.
You feel clumsy. Something hits you.
You die...

############# #####
#...........# ###...#
#.#########.#
...≈.####.# #.#
#........# #.#
#._......## ######.##
#.........###........
#.≈r{...........†.>##
#...@..†..###.##.....
#.##.###)...## #
#..... #..)..).....#
# #.....#
..............#
#.#.###.#
##.o#.######..# #.#.#
#.# #..#. #..#
...###.. #. # ..#
##.....# ..#
##.......
..###...†.###


You could see a friendly quokka (summoned).

Vanquished Creatures
  2 adders
  An orc (D:3)
  2 ball pythons
  2 bats
  An endoplasm (D:1)
  A goblin (D:3)
  A hobgoblin (D:1)
  A jackal (D:2)
  3 quokkas
  A frilled lizard (D:2)
  3 rats
18 creatures vanquished.

Vanquished Creatures (collateral kills)
  3 dart slugs
  An orc (D:3)
  2 giant cockroaches
  A goblin (D:1)
  A jackal (D:2)
  3 bats
  A frilled lizard (D:3)
  5 rats
17 creatures vanquished.

Grand Total: 35 creatures vanquished

Notes
Turn   | Place    | Note
-------+----------+-------------------------------------------
     0 | D:1      | Jase the Merfolk Summoner began the quest for the Orb.
     0 | D:1      | Reached XP level 1. HP: 13/13 MP: 3/3
   329 | D:1      | Reached XP level 2. HP: 3/19 MP: 1/5
   906 | D:1      | Learned a level 2 spell: Call Imp
  1151 | D:2      | Found an iron altar of Okawaru.
  1379 | D:2      | Found a faded altar of an unknown god.
  1466 | D:2      | Reached XP level 3. HP: 21/24 MP: 4/6
  2208 | D:3      | Found a broken altar of Ashenzari.
  2237 | D:3      | Became a worshipper of Ashenzari the Shackled
  2289 | D:3      | Reached skill level 1 in Polearms
  2599 | D:3      | Found a hide-covered altar of Uskayaw.
  2614 | D:3      | Reached XP level 4. HP: 30/30 MP: 5/7
  2618 | D:3      | Learned a level 3 spell: Call Canine Familiar
  2783 | D:3      | Slain by an orc wizard

Illustrated notes

Levels and vault maps discovered:
D:1:      mushboom_english_gardens, layout_loops_ring
D:2:      layout_loops_corners, basic_altar, basic_ecumenical_altar,
          reono_crystal_passage, minmay_hedge_maze
D:3:      layout_loops_ring, mainiacjoe_overflow_tiny_flanked,
          cheibrodos_ashenzari_chains, grunt_decor_arrowhead, uniq_natasha

Skill      XL: |  1  2  3 |
---------------+----------+-----
Dodging        | 3 |  3.3
Polearms       | 1 |  1.2
Stealth        | |  2.9
Spellcasting   | |  2.4
Summonings     | |  4.6

Action                   |  1- 3 |  4- 6 || total
-------------------------+-------+-------++-------
Melee: Dagger            |    18 |       ||    18
       Spear             |    72 |    25 ||    97
 Cast: Summon Small Mamm |    48 |     4 ||    52
  Use: Potion            |       |     1 ||     1
 Stab: Sleeping          |     5 |       ||     5
       Distracted        |     1 |       ||     1
Armor: Robe              |    22 |     5 ||    27
Dodge: Dodged            |    61 |     5 ||    66
